 Dungeon Crawl Stone Soup version 0.31-a0-699-g830162fb6c (webtiles) character file.

Game seed: 10211145643517075521

39 qw the Shooter (level 3, 0/21 HPs)
             Began as a Gargoyle Hunter on Sept 7, 2023.
             Slain by Robin
             ... wielding a +0 whip
              (4 damage)
             ... on level 2 of the Dungeon.
             The game lasted 00:00:23 (918 turns).

qw the Shooter (Gargoyle Hunter)                     Turns: 918, Time: 00:00:23

Health: 0/21       AC: 12    Str: 20    XL:     3   Next: 47%
Magic:  3/3        EV: 11    Int:  9    God:
Gold:   67         SH:  0    Dex: 15    Spells: 2/2 levels left

rFire   . . .        Y - +0 shortbow
rCold   . . .        (shield currently unavailable)
rNeg    + . .        a - +0 ring mail
rPois   inf          (no helmet)
rElec   +            (no cloak)
rCorr   .            f - +0 pair of gloves
SInv    .            e - +2 pair of boots
Will    .....        (no amulet)
Stlth   +            i - +6 ring of strength
HPRegen 0.23/turn    (no ring)
MPRegen 0.08/turn

%: no passive effects
@: no status effects
A: sickness immunity, AC +3, negative energy resistance 1, electricity
resistance, torment resistance 1, petrification resistance
a: no special abilities


You were on level 2 of the Dungeon.
You visited 1 branch of the dungeon, and saw 2 of its levels.

You collected 88 gold pieces.
You spent 21 gold pieces at shops.


Innate Abilities, Weirdness & Mutations

You are immune to sickness and miasma.
Your stone body is resilient. (AC +3)
You are immune to poison.
You resist negative energy. (rN+)
You are resistant to electric shocks. (rElec)
You are resistant to unholy torment.
You are immune to petrification.


   Skills:
 + Level 2.3 Fighting
 - Level 5.0 Ranged Weapons
 - Level 1.0 Armour
 - Level 1.5 Dodging
 - Level 1.1 Stealth


You had 2 spell levels left.
You didn't know any spells.
Your spell library was empty.

Inventory:

Hand Weapons
 Y - a +0 shortbow (weapon)
Armour
 a - a +0 ring mail (worn)
 e - a +2 pair of boots (worn)
 f - a +0 pair of gloves (worn)
Jewellery
 i - a +6 ring of strength (left hand)
Potions
 g - a potion of mutation {unknown}
 h - 3 potions of curing
 j - a potion of lignification {unknown}

Dungeon Overview and Level Annotations

Branches:
Dungeon (2/15)

Altars:

Shops:
D:2 *

Annotations:
D:2 Robin


Message History

The goblin hits you but does no damage.
Robin roars a battlecry!
The goblins go into a battle-frenzy!
The goblin hits you but does no damage. The goblin hits you with a +0 dagger.
You shoot an arrow. The arrow hits the goblin.
The goblin is heavily wounded.
The goblin hits you but does no damage. The goblin barely misses you.
The goblin closely misses you.
You shoot an arrow. The arrow hits the goblin.
The goblin is severely wounded.
The goblin barely misses you.
The goblin hits you but does no damage. x2
Robin throws the goblin at you!
You shoot an arrow. The arrow barely misses the goblin.
The goblin barely misses you. The goblin hits you with a +0 club.
The goblin hits you but does no damage. x3; The goblin barely misses you.
The goblin closely misses you. The goblin hits you but does no damage.
You shoot an arrow. The arrow barely misses the goblin.
The goblin hits you but does no damage. The goblin closely misses you.
The goblin hits you but does no damage. The goblin hits you with a +0 dagger.
You shoot an arrow. The arrow barely misses the goblin.
The goblin hits you but does no damage. The goblin barely misses you.
The goblin hits you but does no damage. The goblin misses you.
You shoot an arrow. The arrow hits the goblin!
You kill the goblin!
The goblin hits you with a +0 dagger. x2
The goblin hits you but does no damage.
Your Ranged Weapons skill increases to level 5!
You shoot an arrow. The arrow hits the goblin.
You kill the goblin!
The goblin hits you with a +0 club. The goblin barely misses you.
You shoot an arrow. The arrow hits the goblin.
You kill the goblin!
The goblin closely misses you. x2; Robin hits you but does no damage.
You shoot an arrow. The arrow hits Robin.
Robin is lightly wounded.
The goblin closely misses you. Robin hits you but does no damage.
You shoot an arrow. The arrow closely misses Robin.
The goblin barely misses you. Robin hits you with a +0 whip.
You die...
Robin says, "And that's why I'm the boss."

##.##############
#[# #.# #.# #.#
#.# #.# #g# #@#
......)g)#
...........
....)....###
...%)##.## ....#
#.# ...# #.# ###
#+#


You could see Robin and a goblin (strong).

Vanquished Creatures
  A dart slug (D:1)
  3 ball pythons (D:1)
  6 bats (D:1)
  2 endoplasms (D:1)
  A giant cockroach (D:1)
  11 goblins
  3 hobgoblins
  A quokka (D:1)
  A frilled lizard (D:1)
  2 kobolds
  2 rats (D:1)
33 creatures vanquished.

Notes
Turn   | Place    | Note
-------+----------+-------------------------------------------
     0 | D:1      | qw the Gargoyle Hunter began the quest for the Orb.
     0 | D:1      | Reached XP level 1. HP: 12/12 MP: 1/1
     0 | D:1      | 0 ||| qw: Version: 0.3-a-76-g4403597
     0 | D:1      | 0 ||| qw: Game counter: 409
     0 | D:1      | 0 ||| qw: Melee chars always use a shield: true
     0 | D:1      | 0 ||| qw: God list: Okawaru
     0 | D:1      | 0 ||| qw: Allow faded altars: false
     0 | D:1      | 0 ||| qw: Do Orc after clearing Dungeon:15 true
     0 | D:1      | 0 ||| qw: Do second Lair branch before Depths: true
     0 | D:1      | 0 ||| qw: Lair rune preference: random
     0 | D:1      | 0 ||| qw: Goals: Normal
     0 | D:1      | 0 ||| PLANNING D:1-11
    55 | D:1      | You fall into a shaft and drop 1 floor!
   177 | D:2      | Found Ysituycy's Assorted Antiques.
   182 | D:2      | 182 ||| BUYING coppery potion (21 gold).
   182 | D:2      | Bought a coppery potion for 21 gold pieces
   182 | D:2      | 182 ||| SHOPLISTING coppery potion (21 gold, have 15).
   182 | D:2      | 182 ||| SHOPLISTING glowing iron wand (96 gold, have 15).
   182 | D:2      | 182 ||| SHOPLISTING inky potion (21 gold, have 15).
   182 | D:2      | 182 ||| SHOPLISTING runed glass wand (96 gold, have 15).
   275 | D:2      | 275 ||| UPGRADING to +2 pair of boots.
   280 | D:2      | 280 ||| UPGRADING to +0 pair of gloves.
   285 | D:2      | 285 ||| UPGRADING to +6 ring of strength.
   286 | D:2      | 286 ||| READING scroll labelled GEIPAF WYACSOT.
   287 | D:2      | 287 ||| READING scroll labelled NUYFODDAJEDI.
   288 | D:2      | 288 ||| DROPPING scroll of butterflies.
   361 | D:1      | Reached XP level 2. HP: 17/17 MP: 2/2
   698 | D:1      | Reached XP level 3. HP: 19/21 MP: 3/3
   785 | D:1      | 785 ||| UPGRADING to +0 ring mail.
   795 | D:1      | 795 ||| DROPPING +0 leather armour.
   796 | D:1      | 796 ||| READING scroll labelled KIKAHO DUFA.
   797 | D:1      | 797 ||| READING scroll labelled FAYKEUTEEC.
   798 | D:1      | 798 ||| READING scroll labelled LOCSEETIAM.
   799 | D:1      | 799 ||| DRINKING 4 fuming orange potions.
   903 | D:2      | Reached skill level 1 in Armour
   903 | D:2      | Noticed Robin
   915 | D:2      | Reached skill level 5 in Ranged Weapons
   915 | D:2      | HP: 3/21 [goblin/+0 club[Robin] (5)]
   918 | D:2      | Slain by Robin

Levels and vault maps discovered:
D:1:      minmay_arrival_semitransparent, layout_loops_cross
D:2:      layout_loops_corners, serial_shops, shop, uniq_crazy_yiuf_cottage,
          uniq_robin, uniq_natasha, uniq_sigmund

Skill      XL: |  1  2  3 |
---------------+----------+-----
Armour         | 1 |  1.0
Ranged Weapons | 5 |  5.0
Fighting       | |  2.3
Dodging        | |  1.5
Stealth        | |  1.1

Action                     || total
---------------------------++-------
   Fire: Shortbow          ||    88
    Use: Scroll            ||     5
         Potion            ||     1
 Armour: Leather armour    ||     5
         Ring mail         ||    45
  Dodge: Dodged            ||    39

Table legend:
 A = Non-vault XP
 B = Vault XP
 C = Vault XP percentage of total XP
 D = Non-vault monster count
 E = Vault monster count
 F = Vault count percentage of total count
                 A         B        C        D         E       F
            +---------+---------+-------+---------+---------+-------
      Total |      37 |      20 |  35.1 |      22 |      11 |  33.3
            +---------+---------+-------+---------+---------+-------
        D:1 |      34 |       0 |   0.0 |      20 |       0 |   0.0
        D:2 |       3 |      20 |  87.0 |       2 |      11 |  84.6
            +---------+---------+-------+---------+---------+-------
